 Dungeon Crawl Stone Soup version 0.29.1-15-g9cfb28693d (webtiles) character file.

Game seed: 14508669841780498874

781 croobank the Covert (level 7, -8/50 HPs)
             Began as an Octopode Delver on Mar 15, 2023.
             Mangled by Crazy Yiuf
             ... wielding a +3 quarterstaff of chaos
              (15 damage)
             ... on level 3 of the Dungeon.
             The game lasted 00:10:06 (2759 turns).

croobank the Covert (Octopode Delver)               Turns: 2759, Time: 00:10:06

Health: -8/50      AC:  1    Str: 11    XL:     7   Next: 85%
Magic:  7/7        EV: 14    Int: 15    God:
Gold:   289        SH:  0    Dex: 13    Spells: 6/6 levels left

rFire   . . .      SeeInvis .   a - +0 hand axe (chaos)
rCold   . . .      Faith    .   (no shield)
rNeg    . . .      Spirit   .   (helmet restricted)
rPois   .          Reflect  .   g - amulet of the acrobat
rElec   .          Harm     .   (no ring)
rCorr   .          Rampage  .   (no ring)
Will    .....                   (no ring)
Stlth   +++++.....              (no ring)
HPRegen 0.16/turn               (no ring)
MPRegen 0.10/turn               (no ring)
                                (no ring)
                                (no ring)

@: no status effects
A: almost no armour, amphibious, 8 rings, camouflage 1, gelatinous body 1,
(nimble swimmer 1), tentacles
a: no special abilities


You were on level 3 of the Dungeon.
You visited 1 branch of the dungeon, and saw 6 of its levels.

You collected 289 gold pieces.

Inventory:

Hand Weapons
 a - a +0 hand axe of chaos (weapon)
 b - a +1 sling of freezing
 y - a +0 dagger
Missiles
 s - 11 poisoned darts
 w - 6 javelins
 x - 2 atropa-tipped darts
 z - a throwing net
Jewellery
 g - an amulet of the acrobat (around mantle)
Wands
 f - a wand of digging (3)
 m - a wand of roots (2)
Scrolls
 c - a scroll of magic mapping
 d - a scroll of fear
 h - 2 scrolls of identify
 i - a scroll of enchant armour
 p - a scroll of fog
Potions
 e - a potion of brilliance
 j - 2 potions of attraction
 k - a potion of berserk rage {unknown}
 l - 3 potions of curing
 n - a potion of cancellation
 o - a potion of magic {unknown}
 q - a potion of ambrosia
 u - a potion of flight


   Skills:
 + Level 5.1 Fighting
 + Level 4.5 Axes
 + Level 4.6 Dodging
 + Level 9.0 Stealth


You had 6 spell levels left.
You didn't know any spells.
Your spell library contained the following spells:

 Spells                   Type           Power      Damage    Failure   Level
 Slow                     Hex            0%         N/A       26%         1
 Confusing Touch          Hex            0%         N/A       63%         3
 Ignite Poison            Fire/Tmut/Pois 0%         N/A       63%         3
 Mephitic Cloud           Conj/Pois/Air  0%         N/A       63%         3
 Vampiric Draining        Necr           0%         2d6       63%         3
 Freezing Cloud           Conj/Ice/Air   0%         6-21      100%        5


Dungeon Overview and Level Annotations

Branches:
Dungeon (6/15)
 Temple: D:4-7

Altars:
Elyvilon
Okawaru

Shops:
D:2 (

Annotations:
D:3 Crazy Yiuf


Innate Abilities, Weirdness & Mutations

You cannot wear most types of armour.
You are amphibious.
You can wear up to eight rings at the same time.
Your skin changes colour to match your surroundings (Stealth+).
Your rubbery body absorbs attacks. (AC +1, EV +1)
((You are camouflaged when in or above water. (Stealth+)))
You have tentacles for arms and can constrict up to eight enemies at once.


Message History

There is a large open door, spattered with blood here.
Found a hammer.
Found a runed translucent door.
What are your orders? t - Shout!
Orders for allies: a - Attack new target. r - Retreat! s - Stop attacking. g - Guard the area. f - Follow me.
Anything else - Cancel.
Gang up on whom?
Press: ? - help, Dir - move target, f - Crazy Yiuf
Aim: Crazy Yiuf, wielding a +3 quarterstaff of chaos, wearing a +0 cloak and carrying a wand of digging (8) (asleep, fire blocked by a runed translucent door)
Okay, then.
You open the door.
There is an open translucent door here.
The helpless Crazy Yiuf fails to defend himself.
You hit Crazy Yiuf. Your grab misses Crazy Yiuf.
Crazy Yiuf is lightly wounded.
Crazy Yiuf hits you with a +3 quarterstaff of chaos!
You barely miss Crazy Yiuf. Your grab misses Crazy Yiuf.
You squeeze Crazy Yiuf!
Crazy Yiuf is severely wounded.
Crazy Yiuf hits you with a +3 quarterstaff of chaos!
You barely miss Crazy Yiuf. You grab Crazy Yiuf.
You squeeze Crazy Yiuf, but do no damage.
Crazy Yiuf is heavily wounded.
You constrict Crazy Yiuf, but do no damage.
Crazy Yiuf hits you with a +3 quarterstaff of chaos!
You are electrocuted!
* * * LOW HITPOINT WARNING * * *
Aiming: Fastroot
Press: ? - help, Shift-Dir - straight line, f - you The roots erupt in riotous growth!
Crazy Yiuf is unaffected.
You constrict Crazy Yiuf. Crazy Yiuf closely misses you.
Okay, then.
You hit Crazy Yiuf but do no damage.
Crazy Yiuf resists with some effort.
Crazy Yiuf is severely wounded.
You constrict Crazy Yiuf.
Crazy Yiuf yells, "Lay!"
Crazy Yiuf hits you with a +3 quarterstaff of chaos!
You die...

##### #...# #...#
#...# ##...#
♣♣♣♣♣##.....
#####♣♣♣.♣....#...#
#...#♣..♣..........
#g@.'.♣♣♣♣.♣......#
#)..#♣♣ ♣♣.......#
##### ♣♣##.....
####.. #.###.
###### #####.# #.
#....###.##..####
#..[.............
####.............


You could see Crazy Yiuf.

Vanquished Creatures
  Grinder (D:3)
  A black bear (D:5)
  An ogre (D:5)
  A scorpion (D:6)
  2 hounds (D:5)
  3 orc priests (D:3)
  Jessica (D:3)
  2 orc wizards (D:3)
  An iguana (D:5)
  4 adders
  3 dart slugs
  16 orcs
  7 bats
  5 endoplasms
  4 giant cockroaches
  4 goblins
  4 hobgoblins
  3 quokkas
  3 ball pythons
  4 frilled lizards
  2 kobolds (D:2)
  2 rats (D:1)
74 creatures vanquished.

Notes
Turn   | Place    | Note
-------+----------+-------------------------------------------
     0 | D:5      | croobank the Octopode Delver began the quest for the Orb.
     0 | D:5      | Reached XP level 1. HP: 16/16 MP: 1/1
    20 | D:6      | Noticed an iguana
    21 | D:6      | Noticed a gnoll bouda
    38 | D:5      | Found a white marble altar of Elyvilon.
    79 | D:5      | Noticed a black bear
    98 | D:5      | Noticed a hound
   106 | D:5      | Killed a hound
   107 | D:5      | Reached XP level 2. HP: 17/21 MP: 2/2
   107 | D:5      | Reached XP level 3. HP: 21/26 MP: 3/3
   137 | D:5      | Reached skill level 7 in Stealth
   157 | D:5      | Reached XP level 4. HP: 6/31 MP: 4/4
   488 | D:6      | Noticed a scorpion
   496 | D:6      | Killed a scorpion
   497 | D:6      | Reached XP level 5. HP: 37/37 MP: 5/5
   686 | D:5      | Noticed an ogre
   693 | D:5      | Killed an ogre
   733 | D:5      | Reached XP level 6. HP: 37/43 MP: 6/6
   735 | D:5      | Killed a black bear
   736 | D:5      | Reached skill level 8 in Stealth
   846 | D:3      | Noticed Grinder
   849 | D:3      | Paralysed by Grinder for 2 turns
   872 | D:3      | Killed Grinder
   873 | D:3      | Reached XP level 7. HP: 36/49 MP: 7/7
  1052 | D:3      | Noticed Jessica
  1062 | D:3      | Killed Jessica
  1108 | D:2      | Found Xewnikye's Weapon Boutique.
  1288 | D:2      | Reached skill level 5 in Fighting
  1906 | D:1      | Found a faded altar of an unknown god.
  2500 | D:3      | Reached skill level 9 in Stealth
  2536 | D:3      | Found an iron altar of Okawaru.
  2747 | D:3      | Found a runed translucent door.
  2748 | D:3      | Noticed Crazy Yiuf
  2759 | D:3      | Mangled by Crazy Yiuf

Illustrated notes

Levels and vault maps discovered:
D:1:      lightli_arrival_chessboard, layout_rooms,
          dilly_ecumenical_altar_fadedgnrine, minmay_cupped
D:2:      layout_basic, serial_shops, shop
D:3:      kennysheep_big_flooded_room, layout_rooms, okawaru_ov_weapons_minmay,
          uniq_crazy_yiuf_cottage, uniq_grinder, uniq_jessica
D:4:      layout_cave_pods, mainiacjoe_overflow_paths, grunt_ministairs_4
D:5:      layout_basic, mainiacjoe_overflow_catwalk
D:6:      layout_rooms, serial_curves, eino_curves_02, eino_curves_03,
          minmay_mini_ossuary

Skill      XL: |  1  2  3  4  5  6  7 |
---------------+----------------------+-----
Stealth        | 7 8 9 |  9.0
Axes           | 3 4 |  4.5
Dodging        | 3 4 |  4.6
Fighting       | 4 5 |  5.1

Action                   |  1- 3 |  4- 6 |  7- 9 || total
-------------------------+-------+-------+-------++-------
Melee: Hand axe          |    13 |    25 |    65 ||   103
       Constrict         |     3 |     8 |    17 ||    28
       Tentacles         |     1 |     9 |    15 ||    25
       Punch             |       |       |     2 ||     2
 Fire: Sling             |       |       |    19 ||    19
Evoke: Wand              |       |    20 |     4 ||    24
  Use: Potion            |       |     3 |     1 ||     4
       Scroll            |       |       |    11 ||    11
 Stab: Sleeping          |       |     2 |    11 ||    13
Armor: Skin              |       |     1 |     3 ||     4
Dodge: Dodged            |     9 |    18 |    53 ||    80
